 Dungeon Crawl Stone Soup version 0.15.2 (webtiles) character file.

151 ghwc the Cudgeler (level 5, 0/41 HPs)
             Began as a Demonspawn Fighter on Nov 18, 2014.
             Succumbed to poison (a potion of poison)
             ... on Level 2 of the Dungeon.
             The game lasted 00:02:23 (1609 turns).

ghwc the Cudgeler (Demonspawn Fighter)              Turns: 1609, Time: 00:02:23

HP   0/41        AC  9     Str 16      XL: 5   Next: 11%
MP   4/5         EV 11     Int 10      God:
Gold 79          SH 11     Dex 18      Spells:  0 memorised,  4 levels left

rFire  . . .     SeeInvis .     a - +0 whip (elec)
rCold  . . .     Clarity  .     b - +0 scale mail
rNeg   . . .     rCorr    .     c - +0 shield
rPois  .         rRot     .     (no helmet)
rElec  .         Spirit   +     (no cloak)
SustAb .         Warding  .     (no gloves)
rMut   .         Stasis   .     s - +0 pair of boots
Gourm  .                        (no amulet)
MR     .....                    (no ring)
                                (no ring)

@: agile, lethally poisoned, not resistant to hostile enchantments, very
unstealthy
A: claws 1, large bone plates 1, breathe flames 1, magic shield
a: Breathe Fire


You were on level 2 of the Dungeon.
You were hungry.

You visited 1 branch of the dungeon, and saw 2 of its levels.

You collected 79 gold pieces.

Inventory:

Hand weapons
 a - a +0 whip of electrocution (weapon)
 f - a +2 whip of pain
 i - a +0 long sword
Armour
 b - a +0 scale mail (worn)
 c - a +0 shield (worn)
 s - a +0 pair of boots (worn)
Magical devices
 o - a wand of slowing (14)
Comestibles
 d - 2 bread rations
Scrolls
 g - a scroll of recharging {unknown}
 h - a scroll of identify {unknown}
 j - a scroll of magic mapping {unknown}
 n - a scroll of fear {unknown}
 p - a scroll of teleportation {unknown}
 r - a scroll of remove curse {unknown}
Potions
 e - a potion of might
 k - a potion of magic


   Skills:
 - Level 3.0 Fighting
 - Level 2.2 Long Blades
 + Level 4.1 Maces & Flails
 - Level 2.6 Armour
 - Level 2.6 Shields


You had 4 spell levels left.
You didn't know any spells.

Dungeon Overview and Level Annotations

Branches:
Dungeon (2/15)

Altars:
Cheibriados
Qazlal
Sif Muna
Yredelemnul


Innate Abilities, Weirdness & Mutations

You have sharp fingernails.
You are partially covered in large bone plates (AC +2, SH +2).
When hurt, damage is shared between your health and your magic reserves.
You can breathe flames.


Message History

It was a potion of agility.
You block the adder's attack.
Drink which item? (? for menu, Esc to quit)
Your throat feels hot.
You feel fantastic!
It was a potion of beneficial mutation.
You feel sick. The adder bites you but does no damage. The adder misses you.
Drink which item? (? for menu, Esc to quit)
That liquid tasted very nasty...
You are lethally poisoned!
It was a potion of poison.
* * * LOW HITPOINT WARNING * * *
You feel sick. The adder bites you but does no damage.
You miss the adder.
* * * LOW HITPOINT WARNING * * *
You feel sick. The adder bites you.
* * * LOW HITPOINT WARNING * * *
Your shield and scale mail prevent you from hitting the adder.
* * * LOW HITPOINT WARNING * * *
You feel sick. The adder bites you but does no damage.
You miss the adder.
You die...

#.....>..).#
#....
#.......####
#..#.
##....###
#..#. #....#
##### #.#.##
##># #.#.#
#8... #.#.#
#....
#.#.#########
8....
#..#@S.......
....
###.#########
#8...8 #.
##..... #.
#_..... #.
#..... #.
#8...8 #.
##8## #.
######## .
#.##..#.


You could see an adder.

Vanquished Creatures
  Sigmund (D:2)
  3 gnolls (D:2)
  A worm (D:2)
  3 giant geckos
  2 orcs (D:2)
  7 bats
  2 goblins (D:2)
  3 hobgoblins
  3 giant cockroaches
  A giant newt (D:2)
  9 kobolds
  5 rats
40 creatures vanquished.

Notes
Turn   | Place    | Note
--------------------------------------------------------------
     0 | D:1      | ghwc, the Demonspawn Fighter, began the quest for the Orb.
     0 | D:1      | Reached XP level 1. HP: 18/18 MP: 1/1
   319 | D:1      | Gained mutation: When hurt, damage is shared between your health and your magic reserves. [demonic ancestry]
   319 | D:1      | Reached XP level 2. HP: 20/24 MP: 2/2
   487 | D:1      | Reached skill level 1 in Maces & Flails
   609 | D:2      | Found a deep blue altar of Sif Muna.
   610 | D:2      | Found a stormy altar of Qazlal.
   892 | D:2      | Reached XP level 3. HP: 29/29 MP: 3/3
   963 | D:2      | Found a snail-covered altar of Cheibriados.
  1068 | D:2      | Noticed Sigmund
  1080 | D:2      | Killed Sigmund
  1080 | D:2      | Gained mutation: You have sharp fingernails. [demonic ancestry]
  1080 | D:2      | Reached XP level 4. HP: 14/35 MP: 2/4
  1270 | D:2      | Found a basalt altar of Yredelemnul.
  1271 | D:2      | Noticed a profane servitor
  1378 | D:2      | Reached skill level 4 in Maces & Flails
  1382 | D:2      | Gained mutation: You are partially covered in large bone plates (AC +2, SH +2). [demonic ancestry]
  1382 | D:2      | Reached XP level 5. HP: 24/41 MP: 2/5
  1605 | D:2      | Gained mutation: You can breathe flames. [potion of beneficial mutation]
  1608 | D:2      | HP: 1/41 [poison (a potion of poison)]
  1609 | D:2      | Succumbed to poison (a potion of poison)

Action                   |  1- 3 |  4- 6 || total
-------------------------+-------+-------++-------
Melee: Long sword        |    16 |       ||    16
       Whip              |    86 |    69 ||   155
  Use: Potion            |     1 |     4 ||     5
  Eat: Fruit             |       |     2 ||     2
